 Dungeon Crawl Stone Soup version 0.29.1-13-g9f3cf754e1 (webtiles) character file.

Game seed: 11662845268680778100

137 shadowmeld the Insei (level 5, 0/41 HPs)
             Began as a Djinni Monk on Jan 29, 2023.
             Slain by an orc
             ... wielding a +0 trident
              (6 damage)
             ... on level 3 of the Dungeon.
             The game lasted 00:07:29 (2896 turns).

shadowmeld the Insei (Djinni Monk)                  Turns: 2896, Time: 00:07:30

Health: 0/41       AC:  5    Str: 12    XL:     5   Next: 43%
Gold:   108        EV: 13    Int: 11    God:
                   SH:  0    Dex: 22

rFire   + + .      SeeInvis +     - Unarmed
rCold   x . .      Faith    .   (no shield)
rNeg    . . .      Spirit   .   q - +0 ring mail
rPois   ∞          Reflect  .   f - +0 hat {SInv}
rElec   .          Harm     .   (no cloak)
rCorr   .          Rampage  .   (no gloves)
Will    .....                   (boots unavailable)
Stlth   ++........              (no amulet)
HPRegen 0.13/turn               e - +6 ring of dexterity
MPRegen 0.00/turn               (no ring)

@: flying
A: sickness immunity, fire resistance 2, cold vulnerability 1, float, innate
caster, HP casting, extra vitality 1
a: no special abilities


You were on level 3 of the Dungeon.
You visited 1 branch of the dungeon, and saw 3 of its levels.

You collected 108 gold pieces.

Inventory:

Missiles
 m - 5 poisoned darts (quivered)
Armour
 f - a +0 hat of see invisible (worn)
 q - a +0 ring mail (worn)
Jewellery
 e - a +6 ring of dexterity (left hand)
Scrolls
 a - a scroll of enchant armour {unknown}
 d - a scroll of identify {unknown}
 g - a scroll of teleportation {unknown}
 i - a scroll of poison {unknown}
 j - a scroll of fear {unknown}
 k - a scroll of blinking {unknown}
 l - a scroll of immolation {unknown}
 o - a scroll of amnesia {unknown}
 p - a scroll of enchant weapon {unknown}
Potions
 b - a potion of ambrosia
 c - 2 potions of curing {unknown}
 h - 2 potions of attraction {unknown}
 n - a potion of degeneration {unknown}


   Skills:
 * Level 3.7 Fighting
 * Level 0.8 Armour
 * Level 4.1 Dodging
 - Level 1.6 Stealth
 * Level 4.4 Unarmed Combat
 * Level 0.6 Spellcasting


You had 2 spell levels left.
You knew the following spells:

 Your Spells              Type           Power      Damage    Failure   Level
a - Foxfire               Conj/Fire      4%         2x1d4     52%         1
b - Poisonous Vapours     Pois/Air       2%         N/A       65%         2
Your spell library was empty.

Dungeon Overview and Level Annotations

Branches:
Dungeon (3/15)

Altars:


Innate Abilities, Weirdness & Mutations

You are immune to sickness and miasma.
You are immune to poison.
Your flesh is very heat resistant. (rF++)
You are vulnerable to cold. (rC-)
You float through the air rather than walking.
You learn spells naturally, not from books.
Your magical power is your life essence.
You have superior vitality. (+4 MHP)


Message History

The orc is almost dead.
The orc closely misses you. The orc barely misses you.
The orc closely misses you.
You barely miss the orc.
The orc is almost dead.
The orc misses you. The orc closely misses you.
The orc hits you with a +0 club.
You closely miss the orc.
The orc is almost dead.
The orc misses you. x3
You hit the orc.
You kill the orc!
The orc closely misses you. x2
You hit the orc but do no damage.
The orc hits you from afar with a +0 trident!
The orc barely misses you.
You hit the orc but do no damage. The orc closely misses you.
The orc hits you but does no damage.
You barely miss the orc. The orc hits you with a +0 club.
* * * LOW HITPOINT WARNING * * *
The orc misses you.
You hit the orc.
The orc is heavily wounded.
You hit the orc.
You kill the orc!
The orc barely misses you. The orc closely misses you.
Things that are here:
a +0 short sword; an orc corpse You hit the orc.
The orc is moderately wounded.
The orc hits you with a +0 trident.
* * * LOW HITPOINT WARNING * * *
You closely miss the orc.
The orc is moderately wounded.
The orc misses you.
You closely miss the orc.
The orc is moderately wounded.
The orc hits you with a +0 trident.
You die...

#.# #. #.#.# #.
#.#.# #.. #.#.#
#.. #$#.######
#..###.#.#....#
#......#....#.#
#...o.)#....#.#
#.@......#.#
##)..>...#.#
##....#<#.#
####.#...#
#...### #####


You could see an orc.

Vanquished Creatures
  A necrophage (D:3)
  An adder (D:2)
  2 worms (D:2)
  3 orcs (D:3)
  2 ball pythons
  4 bats
  5 endoplasms
  5 giant cockroaches
  2 hobgoblins
  6 jackals (D:1)
  4 quokkas (D:2)
  2 frilled lizards
  5 goblins
  6 kobolds
  2 rats (D:1)
50 creatures vanquished.

Notes
Turn   | Place    | Note
-------+----------+-------------------------------------------
     0 | D:1      | shadowmeld the Djinni Monk began the quest for the Orb.
     0 | D:1      | Reached XP level 1. HP: 20/20 MP: 0/0
   240 | D:1      | Reached XP level 2. HP: 14/25 MP: 0/0
   686 | D:1      | Reached XP level 3. HP: 25/30 MP: 0/0
   686 | D:1      | Learned a level 1 spell: Foxfire
   812 | D:1      | You are sucked into a shaft and drop 1 floor!
  2377 | D:2      | Reached XP level 4. HP: 34/35 MP: 0/0
  2797 | D:2      | Found a faded altar of an unknown god.
  2852 | D:3      | Noticed a necrophage
  2878 | D:3      | Killed a necrophage
  2879 | D:3      | Reached XP level 5. HP: 28/41 MP: 0/0
  2879 | D:3      | Learned a level 2 spell: Poisonous Vapours
  2896 | D:3      | Slain by an orc

Illustrated notes

Levels and vault maps discovered:
D:1:      elethiomel_arrival_shortcut, layout_basic, minivault_23
D:2:      layout_basic, shapermc_ecumenical_altar_mp_highgroup
D:3:      minmay_angry_zag, layout_basic, grunt_decor_junction, uniq_jessica

Skill      XL: |  1  2  3  4 |
---------------+-------------+-----
Dodging        | 4 |  4.1
Unarmed Combat | 4 |  4.4
Fighting       | |  3.7
Armour         | |  0.8
Stealth        | |  1.6
Spellcasting   | |  0.6

Action                   |  1- 3 |  4- 6 || total
-------------------------+-------+-------++-------
Melee: Unarmed           |   160 |    60 ||   220
       Punch             |     2 |     1 ||     3
 Stab: Sleeping          |     2 |       ||     2
Armor: Robe              |    23 |       ||    23
       Ring mail         |       |    14 ||    14
Dodge: Dodged            |    93 |    58 ||   151
